 Dungeon Crawl Stone Soup version 0.30.1-1-g62c8e00024 (webtiles) character file.

Game seed: 3331395669808078125

859 Peloso the Slasher (level 7, -1/57 (62) HPs)
             Began as a Minotaur Fighter on July 16, 2023.
             Slain by a wight
             ... wielding a +4 long sword
              (2 damage)
             ... on level 6 of the Dungeon.
             The game lasted 00:07:59 (5139 turns).

Peloso the Slasher (Minotaur Fighter)               Turns: 5139, Time: 00:08:00

HP:   -1/57 (62)    AC: 11    Str: 24    XL:     7   Next: 71%
MP:   0/6           EV: 10    Int:  5    God:
Gold: 281           SH:  5    Dex: 16    Spells: 6/6 levels left

rFire   + . .        b - staff of fire
rCold   . . .        d - +0 buckler
rNeg    . . .        w - +1 scale mail
rPois   .            (helmet restricted)
rElec   .            c - +0 cloak
rCorr   .            (no gloves)
SInv    .            q - +0 pair of boots of Beogh's Anger {-Cast Regen+ Str+3 Dex+5}
Will    +....        m - amulet of guardian spirit Stlth
                     f - ring of willpower
HPRegen 1.09/turn    (no ring)
MPRegen 0.10/turn

%: no spellcasting, guardian spirit
@: mighty, drained
A: horns 2, retaliatory headbutt
a: no special abilities


You were on level 6 of the Dungeon.
You visited 1 branch of the dungeon, and saw 6 of its levels.

You collected 281 gold pieces.

Inventory:

Hand Weapons
 a - a +0 long sword
Armour
 c - a +0 cloak (worn)
 d - a +0 buckler (worn)
 q - the +0 pair of boots of Beogh's Anger (worn) {-Cast Regen+ Str+3 Dex+5}
   (You found it on level 3 of the Dungeon)

   Str:       It affects your strength (+3).
   Dex:       It affects your dexterity (+5).
   -Cast:     It prevents spellcasting.
   Regen:     It increases your rate of health regeneration.
 w - a +1 scale mail (worn)
Magical Staves
 b - a staff of fire (weapon)
Jewellery
 e - a +6 ring of intelligence
 f - a ring of willpower (left hand)
 m - an amulet of guardian spirit (around neck)
Wands
 p - a wand of paralysis (8)
Scrolls
 g - a scroll of enchant weapon {unknown}
 h - a scroll of fog {unknown}
 i - a scroll of teleportation {unknown}
 j - a scroll of noise {unknown}
 k - a scroll of identify
 l - a scroll of vulnerability {unknown}
 o - a scroll of amnesia {unknown}
Potions
 n - a potion of mutation {unknown}
 r - a potion of resistance
 s - a potion of curing
 t - 2 potions of flight
 u - 2 potions of might
 v - a potion of berserk rage {unknown}
 x - a potion of heal wounds {unknown}


   Skills:
 + Level 5.8 Fighting
 + Level 6.6 Long Blades
 + Level 0.1 Staves
 + Level 6.3 Armour
 + Level 2.2 Dodging
 + Level 0.2 Stealth
 + Level 5.2 Shields


You had 6 spell levels left.
You didn't know any spells.
Your spell library contained the following spells:

 Spells                   Type           Power      Damage    Failure   Level
 Ensorcelled Hibernation  Hex/Ice        0%         N/A       91%         2
 Spider Form              Tmut/Pois      0%         N/A       99%         3
 Anguish                  Hex/Necr       0%         N/A       100%        4


Dungeon Overview and Level Annotations

Branches:
Dungeon (6/15)
 Temple: D:4-7

Altars:

Annotations:
D:2 1 runed translucent door, Crazy Yiuf
D:4 3 runed translucent doors, LittleThickWarRabbit's ghost, novice MiBe


Innate Abilities, Weirdness & Mutations

You have a pair of horns on your head.
You reflexively headbutt those who attack you in melee.


Message History

The wight is moderately damaged.
The wight closely misses you.
The wight hits you with a +4 long sword.
You feel drained.
Unknown command.
You closely miss the wight.
The wight is moderately damaged.
The wight hits you but does no damage. The wight barely misses you.
You furiously retaliate!
You headbutt the wight.
The wight hits you with a +4 long sword!
You feel drained.
The wight hits you with a +5 dagger of freezing!
The wight freezes you.
You hit the wight. You headbutt the wight.
The wight is heavily damaged.
The wight hits you with a +5 dagger of freezing.
* * * LOW HITPOINT WARNING * * *
The wight freezes you.
* * * LOW HITPOINT WARNING * * *
You block the wight's attack.
The orc wizard gestures wildly while chanting.
The orc wizard flickers and vanishes!
Deactivating autopickup; reactivate with Ctrl-A.
You barely miss the wight. Your headbutt misses the wight.
The wight is heavily damaged.
The wight hits you with a +5 dagger of freezing.
* * * LOW HITPOINT WARNING * * *
The wight freezes you.
* * * LOW HITPOINT WARNING * * *
The wight barely misses you.
You hit the wight.
The wight is almost destroyed.
The wight hits you with a +5 dagger of freezing!
* * * LOW HITPOINT WARNING * * *
The wight freezes you.
* * * LOW HITPOINT WARNING * * *
The wight hits you with a +4 long sword.
* * * LOW HITPOINT WARNING * * *
You feel drained.
You die...

#......... ..# #.......#
..# #..<....######..#
#....<..Z.......#
#...............#
##+#########....#
#+#######...o.....#....#
........#..ooz.Z..Z....#
......!@#...##....#....#
.......zzo..##....#....#
........###+##....#....#
......... #....#....+
#+######. #....#....# ..
#....###+## .. #....#
... #.....


You could see 2 wights and an orc.

Vanquished Creatures
  Grinder (D:5)
  An ogre (D:5)
  A scorpion (D:5)
  A wight (D:6)
  A jelly (D:5)
  A hound (D:4)
  An orc priest (D:5)
  Jessica (D:2)
  Ijyb (D:2)
  Natasha (thrice) (D:2)
  4 iguanas
  4 adders
  A worm (D:3)
  4 dart slugs
  6 orcs
  6 ball pythons
  10 endoplasms
  9 giant cockroaches
  12 goblins
  13 hobgoblins
  3 jackals (D:4)
  7 kobolds
  4 quokkas
  5 bats
  4 frilled lizards
  7 rats
111 creatures vanquished.

Notes
Turn   | Place    | Note
-------+----------+-------------------------------------------
     0 | D:1      | Peloso the Minotaur Fighter began the quest for the Orb.
     0 | D:1      | Reached XP level 1. HP: 19/19 MP: 0/0
   396 | D:1      | Reached XP level 2. HP: 20/27 MP: 1/1
   752 | D:1      | Reached XP level 3. HP: 31/33 MP: 2/2
  1200 | D:2      | Noticed Jessica
  1202 | D:2      | Killed Jessica
  1203 | D:2      | Reached XP level 4. HP: 40/40 MP: 3/3
  1260 | D:2      | Noticed Natasha
  1272 | D:2      | HP: 2/40 [Natasha (4)]
  1275 | D:2      | Killed Natasha
  1588 | D:2      | Found a runed translucent door.
  1589 | D:2      | Noticed Crazy Yiuf
  1685 | D:2      | Found a faded altar of an unknown god.
  1686 | D:2      | Noticed Natasha
  1691 | D:2      | Killed Natasha
  1692 | D:2      | Reached XP level 5. HP: 32/46 MP: 4/4
  2108 | D:2      | Noticed Ijyb
  2115 | D:2      | Paralysed by Ijyb for 3 turns
  2123 | D:2      | Paralysed by Ijyb for 5 turns
  2130 | D:2      | Paralysed by Ijyb for 5 turns
  2136 | D:2      | Killed Ijyb
  2283 | D:2      | Noticed Natasha
  2299 | D:2      | Killed Natasha
  2300 | D:2      | Reached skill level 5 in Armour
  2497 | D:3      | Reached skill level 1 in Dodging
  2561 | D:3      | Identified the +0 pair of boots of Beogh's Anger {-Cast
                  | Regen+ Str+3 Dex+5}
  2953 | D:3      | Reached skill level 5 in Long Blades
  3087 | D:4      | Reached XP level 6. HP: 53/53 MP: 5/5
  3368 | D:4      | Found a runed translucent gate.
  3368 | D:4      | Noticed LittleThickWarRabbit's ghost (novice MiBe)
  3369 | D:4      | Found a runed translucent gate.
  3369 | D:4      | Found a runed translucent gate.
  4009 | D:5      | Entered Level 5 of the Dungeon
  4185 | D:5      | Noticed Grinder
  4205 | D:5      | Killed Grinder
  4206 | D:5      | Reached skill level 5 in Fighting
  4206 | D:5      | Reached skill level 5 in Shields
  4206 | D:5      | Reached XP level 7. HP: 8/61 MP: 6/6
  5139 | D:6      | HP: 1/58 [wight/+4 long sword (5)]
  5139 | D:6      | Slain by a wight

Illustrated notes

Levels and vault maps discovered:
D:1:      amcnicky_arrival_gap_in_the_tavern_cellar, layout_basic,
          dreamdust_wishing_well, minmay_pentomino_r2
D:2:      kennysheep_the_goblin_king, layout_loops_ring,
          hellmonk_ecumenical_altar_inner_sanctum, uniq_crazy_yiuf_cottage,
          uniq_natasha, uniq_jessica
D:3:      layout_loops_ring, grunt_ministairs_14
D:4:      nicolae_cairo_tiling_very_big, layout_basic, gammafunk_ghost_split,
          uniq_ijyb
D:5:      layout_basic, uniq_grinder
D:6:      layout_gridville, gammafunk_temple_overflow_pools,
          minmay_temple_entry_waves, gup_sewer_entry_bowl, minmay_mini_ossuary

Skill      XL: |  1  2  3  4  5  6  7 |
---------------+----------------------+-----
Shields        | 4 5 |  5.2
Armour         | 4 5 6 |  6.3
Long Blades    | 3 4 5 6 |  6.6
Fighting       | 4 5 |  5.8
Dodging        | 1 2 |  2.2
Staves         | |  0.1
Stealth        | |  0.2

Action                     |  1- 3 |  4- 6 |  7- 9 || total
---------------------------+-------+-------+-------++-------
  Melee: Long sword        |    57 |   232 |    23 ||   312
         Headbutt          |     8 |    37 |     5 ||    50
         Staff             |       |       |    23 ||    23
    Use: Potion            |     2 |     4 |     1 ||     7
         Scroll            |     1 |     3 |       ||     4
 Armour: Scale mail        |    24 |   102 |    15 ||   141
  Dodge: Dodged            |    31 |   120 |    22 ||   173
  Block: Buckler           |    12 |    59 |     5 ||    76
